Map: Lightshade LE

Players

PattyMac

  • Race: Protoss Protoss
  • League: Grandmaster

PiLiPiLi - Winner!

  • Race: Protoss Protoss
  • League: Grandmaster

Event: DreamHack SC2 Masters 2021 Summer

VOD

Have the link to the VOD?

Description

Time

  • Played on: May 26, 2021, 3:49 p.m.
  • Length: 5:56

All games in this series

Show
View Real Time Build Order
Export as new Build Order

PattyMac Protoss 

Build Orders: Phoenix Opening 

Get SALT Encoding   

  12  0:00  Probe  
  13  0:12  Probe  
  14  0:17  Pylon  
  14  0:24  Probe (Chrono Boost)  
  16  0:36  Probe (Chrono Boost)  
  16  0:37  Gateway  
  16  0:41  Probe (Chrono Boost)  
  16  0:46  Assimilator  
  17  0:52  Probe (Chrono Boost)  
  17  0:54  Assimilator  
  18  1:04  Probe (Chrono Boost)  
  18  1:08  Gateway  
  19  1:13  Probe (Chrono Boost)  
  20  1:19  Probe  
  20  1:24  Cybernetics Core  
  21  1:31  Probe  
  21  1:32  Pylon  
  22  1:43  Probe  
  23  1:51  Gateway  
  23  1:57  Warp Gate (Chrono Boost)  
  23  2:00  Stalker  
  25  2:03  Stalker  
  27  2:10  Pylon  
  27  2:29  Probe  
  28  2:30  Stalker  
  28  2:33  Stalker  
  32  2:39  Stalker  
  33  3:02  Nexus  
  33  3:09  Pylon  
  33  3:15  Probe  
  34  3:25  Twilight Council  
  34  3:27  Probe  
  35  3:37  Stalker  
  35  3:40  Stalker  
  39  3:44  Sentry  
  41  3:52  Gateway  
  41  3:54  Phoenix  
  41  4:03  Shield Battery  
  41  4:15  Probe x2 (Chrono Boost)  
  43  4:21  Stalker  
  45  4:28  Probe (Chrono Boost)  
  45  4:29  Probe (Chrono Boost)  
  49  4:39  Stalker  
  49  4:47  Shield Battery, Robotics Facility  
  49  4:56  Gateway  
  47  5:08  Stalker x2  
  46  5:23  Sentry  
  46  5:27  Probe  
  45  5:37  Observer (Chrono Boost)  
Show
View Real Time Build Order
Export as new Build Order

PiLiPiLi Protoss - Winner!

Build Orders: Blink Stalkers, Dark Templar Rush 

Get SALT Encoding   

  12  0:00  Probe  
  13  0:12  Probe  
  14  0:19  Pylon  
  14  0:25  Probe  
  15  0:37  Probe (Chrono Boost), Gateway  
  15  0:41  Assimilator  
  16  0:47  Probe (Chrono Boost)  
  17  0:52  Probe (Chrono Boost)  
  18  0:57  Assimilator  
  18  1:03  Probe  
  19  1:12  Gateway  
  19  1:15  Probe (Chrono Boost)  
  21  1:26  Cybernetics Core  
  21  1:27  Probe (Chrono Boost)  
  21  1:32  Probe (Chrono Boost)  
  21  1:39  Pylon  
  22  1:42  Probe  
  23  1:57  Probe  
  24  2:02  Warp Gate (Chrono Boost)  
  24  2:03  Stalker  
  24  2:04  Stalker  
  28  2:12  Pylon  
  28  2:28  Probe  
  29  2:33  Stalker x2  
  33  2:41  Twilight Council  
  33  2:51  Probe  
  34  2:55  Shield Battery  
  34  3:04  Pylon  
  34  3:16  Gateway  
  34  3:21  Dark Shrine  
  34  3:23  Blink (Chrono Boost)  
  34  3:34  Pylon  
  34  3:43  Stalker  
  34  3:45  Stalker  
  37  4:06  Stalker  
  37  4:09  Stalker  
  41  4:12  Probe  
  42  4:29  Nexus  
  42  4:34  Pylon  
  42  4:38  Dark Templar  
  44  4:46  Dark Templar  
  44  4:49  Probe  
  47  4:55  Pylon  
  47  5:01  Probe  
  48  5:13  Probe  
  47  5:21  Stalker  
  47  5:23  Stalker  
  47  5:25  Probe  
  52  5:37  Probe  
  52  5:39  Stalker  
  55  5:44  Robotics Facility  
Tags
 
Add a new tag
Caveats
  • Supply blocks, unpowered buildings, or Contaminate may cause inaccurate times.
  • Supply counts are checked every 10 seconds.